Americans vs Marlies
Created - December 7, 2024 at 22:34
Goals
|
| Americans |
3 |
0 |
0 |
0 |
3 |
| Marlies |
2 |
1 |
0 |
1 |
4 |
|
Shots
|
| Americans |
13 |
8 |
8 |
0 |
29 |
| Marlies |
10 |
4 |
10 |
1 |
25 |
|
1st period
1. Marlies , Alex Formenton 6 (Pierre-Olivier Joseph 24, Rasmus Dahlin 16) at 0:52
2. Marlies , Martin Necas 12 (Aleksi Saarela 12, Tyler Benson 11) at 6:27
3. Americans , Kevin Fiala 11 (Xavier Bouchard 2) at 8:29
4. Americans , John Leonard 1 (Michael McCarron 8) at 10:56
5. Americans , John Leonard 2 (Michael McCarron 9, Xavier Bouchard 3) at 14:48
Penalties :
Kevin Fiala (Roc) for Cross-checking (Minor) at 16:30
2nd period
6. Marlies , Martin Necas 13 (Aleksi Saarela 13, Matthew Highmore 6) at 8:16
Penalties :
Keaton Thompson (Tor) for Cross-checking (Minor) at 3:18, Vladimir Tkachev (Roc) for Tripping (Minor) at 4:44, John Leonard (Roc) for Tripping (Minor) at 11:58
3rd period
No Goal
Penalties :
Devon Teows (Roc) for Interference (Minor) at 3:35, Lucas Carlsson (Tor) for Roughing (Minor) at 7:34, Devon Teows (Roc) for Roughing (Minor) at 17:25
Overtime #1
7. Marlies , Martin Necas 14 (Pierre-Olivier Joseph 25) at 0:35
Penalties :
No Penalty
Goalie Stats
Connor Hellebyuk (Roc), 21 saves from 25 shots - (0.840), OTL, 9-8-1, 60:35 minutes
Logan Thompson (Tor), 26 saves from 29 shots - (0.897), W, 8-3-0, 60:35 minutes
Players Stats for Americans
Player Name G A P +/- PIM S H SB GA TA FO MP PP MP PK MP
------------------------------------------------------------------------------------
Alex Schoenborn 0 0 0 0 0 3 0 1 0 0 0/0 7:22 0:04 0:09
Daniel Sprong 0 0 0 -2 0 0 0 0 0 0 0/0 10:09 0:00 0:00
Devon Teows 0 0 0 0 4 1 1 2 0 0 0/0 23:53 2:04 2:52
Dillon Heatherington 0 0 0 -1 0 0 1 0 0 0 0/0 25:50 2:04 5:02
Felix Bibeau 0 0 0 0 0 0 1 0 0 0 0/0 7:29 0:00 0:20
Jakob Pelletier 0 0 0 -2 0 1 0 0 1 1 0/0 12:49 0:04 2:07
John Leonard 2 0 2 1 2 4 1 0 0 1 0/1 17:39 1:35 2:34
Kevin Fiala 1 0 1 0 2 6 2 1 2 1 0/0 17:36 1:46 0:00
Matt Grzelcyk 0 0 0 -3 0 2 2 1 1 1 0/0 17:54 1:21 3:02
Maxim Mamin 0 0 0 -2 0 3 2 0 0 0 3/5 13:21 0:04 2:25
Michael McCarron 0 2 2 1 0 3 3 0 0 0 6/13 18:16 1:35 2:33
Nathan Noel 0 0 0 0 0 1 1 0 1 0 1/4 7:31 0:00 0:11
Richard Nejezchleb 0 0 0 1 0 2 2 0 0 1 0/0 15:12 1:35 0:00
Ryan Fitzgerald 0 0 0 1 0 1 1 1 1 1 13/22 22:16 1:46 4:28
Samuel Bolduc 0 0 0 3 0 0 3 0 0 0 0/0 17:12 0:00 2:05
Spencer Stastney 0 0 0 -3 0 1 3 0 0 0 0/0 20:44 1:21 4:01
Vladimir Tkachev 0 0 0 0 2 0 3 0 0 0 1/1 21:25 1:45 4:06
Xavier Bouchard 0 2 2 3 0 1 0 1 0 0 0/0 15:07 0:00 1:33
Players Stats for Marlies
Player Name G A P +/- PIM S H SB GA TA FO MP PP MP PK MP
------------------------------------------------------------------------------------
Aleksi Saarela 0 2 2 1 0 2 1 0 1 0 11/26 22:11 4:49 1:41
Alex Formenton 1 0 1 1 0 4 0 0 1 0 0/0 12:09 0:36 1:07
Arthur Kaliyev 0 0 0 -1 0 0 1 0 0 0 0/0 9:08 0:00 0:00
Dennis Gilbert 0 0 0 -1 0 0 0 2 0 1 0/0 14:22 0:06 0:13
Dmitri Samorukov 0 0 0 -1 0 0 1 0 0 0 0/0 18:00 3:54 1:50
Hugh McGing 0 0 0 -1 0 2 1 0 0 0 0/0 9:23 0:14 0:00
Isac Lundestrom 0 0 0 -1 0 1 0 0 1 0 6/7 10:41 0:09 0:32
Joel Farabee 0 0 0 -1 0 2 0 0 1 0 0/1 17:13 5:06 0:03
Keaton Thompson 0 0 0 -1 2 1 2 0 0 0 0/0 19:47 4:02 0:57
Kole Sherwood 0 0 0 1 0 1 4 1 0 0 0/0 10:25 0:14 0:00
Lias Andersson 0 0 0 1 0 0 0 0 0 1 1/1 14:05 4:00 0:00
Lucas Carlsson 0 0 0 -1 2 0 1 1 0 0 0/0 21:43 5:22 0:35
Martin Necas 3 0 3 2 0 5 1 0 2 0 0/0 20:30 5:06 0:32
Mathieu Olivier 0 0 0 0 0 1 2 0 0 0 0/0 17:56 4:00 1:12
Matthew Highmore 0 1 1 -1 0 0 2 0 0 0 3/10 11:45 0:00 0:00
Pierre-Olivier Joseph 0 2 2 3 0 2 0 2 0 1 0/0 26:12 5:22 1:34
Rasmus Dahlin 0 1 1 2 0 0 3 1 0 2 0/0 20:48 0:00 1:41
Tyler Benson 0 1 1 1 0 4 2 0 0 1 1/1 21:27 3:50 1:43
3 Stars
1 - Martin Necas (Tor)
2 - Pierre-Olivier Joseph (Tor)
3 - John Leonard (Roc)
Power Play
Americans - 0 on 2 Attempt(s) - 0.00%
Marlies - 0 on 5 Attempt(s) - 0.00%
Penalty Kill
Americans - 5 on 5 Attempt(s) - 100.00%
- Score 0 goal in Penalty Kill
Marlies - 2 on 2 Attempt(s) - 100.00%
- Score 0 goal in Penalty Kill
Team Stat
Americans - Hits : 26 - Faceoff Wins : 24 - Blocked Shots : 7 - Penalty Minutes : 10
Marlies - Hits : 21 - Faceoff Wins : 22 - Blocked Shots : 7 - Penalty Minutes : 4
Official
Referees : Brad Meier and Kyle Rehman
Linesman : Scott Cherrey and Tony Sericolo
Game Notes
Matt Grzelcyk is injured at 11:31 of 3rd period (Sprained Left Ankle)
Martin Necas has scored a Hat Trick!
Finance
Level 1 -- Attendance: 1743 (87.15%) -- Ticket Income $122,010
Level 2 -- Attendance: 918 (91.80%) -- Ticket Income $36,720
Total Attendance: 2661 (88.70%)
Total Ticket Income: $158,730
Other Income: $7,936
Total Income: $166,666
Americans
5 vs 5 Forward
Center Left Wing Right Wing Time % Phy DF OF
1 Ryan Fitzgerald Vladimir Tkachev Kevin Fiala 40 1 2 2
2 Michael McCarron John Leonard Richard Nejezchleb 30 1 2 2
3 Maxim Mamin Jakob Pelletier Daniel Sprong 20 1 2 2
4 Nathan Noel Felix Bibeau Alex Schoenborn 10 1 2 2
5 vs 5 Defense
Defense Defense Time % Phy DF OF
1 Dillon Heatherington Devon Teows 40 1 2 2
2 Matt Grzelcyk Spencer Stastney 30 1 2 2
3 Samuel Bolduc Xavier Bouchard 20 1 2 2
4 Dillon Heatherington Devon Teows 10 1 2 2
PowerPlay Forward
Center Left Wing Right Wing Time % Phy DF OF
1 Ryan Fitzgerald Vladimir Tkachev Kevin Fiala 60 1 2 2
2 Michael McCarron John Leonard Richard Nejezchleb 40 1 2 2
PowerPlay Defense
Defense Defense Time % Phy DF OF
1 Dillon Heatherington Devon Teows 60 1 2 2
2 Matt Grzelcyk Spencer Stastney 40 1 2 2
Penalty Kill 4 Players Forward
Center Wing Time % Phy DF OF
1 Ryan Fitzgerald Vladimir Tkachev 60 1 2 2
2 Michael McCarron John Leonard 40 1 2 2
Penalty Kill 4 Players Defense
Defense Defense Time % Phy DF OF
1 Dillon Heatherington Devon Teows 60 1 2 2
2 Matt Grzelcyk Spencer Stastney 40 1 2 2
Penalty Kill - 3 Players Forward
Forward Time % Phy DF OF
1 Ryan Fitzgerald 60 1 2 2
2 Michael McCarron 40 1 2 2
Penalty Kill - 3 Players Defense
Defense Defense Time % Phy DF OF
1 Dillon Heatherington Devon Teows 60 1 2 2
2 Matt Grzelcyk Spencer Stastney 40 1 2 2
4 vs 4 Forward
Center Wing Time % Phy DF OF
1 Ryan Fitzgerald Vladimir Tkachev 60 1 2 2
2 Michael McCarron John Leonard 40 1 2 2
4 vs 4 Defense
Defense Defense Time % Phy DF OF
1 Dillon Heatherington Devon Teows 60 1 2 2
2 Matt Grzelcyk Spencer Stastney 40 1 2 2
Last Minutes Offensive
Center Left Wing Right Wing Defense Defense
Ryan Fitzgerald Vladimir Tkachev Kevin Fiala Dillon Heatherington Devon Teows
Last Minutes Defensive
Center Left Wing Right Wing Defense Defense
Ryan Fitzgerald Vladimir Tkachev Kevin Fiala Dillon Heatherington Devon Teows
Goaltenders
Starting : Connor Hellebyuk
Backup : Peyton Jones
Extra Forwards
Normal : Michael McCarron, Maxim Mamin, Nathan Noel - PP : Michael McCarron, Maxim Mamin - PK : Michael McCarron
Extra Defensemen
Normal : Spencer Stastney, Samuel Bolduc, Xavier Bouchard - PP : Spencer Stastney - PK : Spencer Stastney, Samuel Bolduc
Penalty Shots
Kevin Fiala, Ryan Fitzgerald, Richard Nejezchleb, Vladimir Tkachev, Michael McCarron
Custom OT Lines Forwards
Kevin Fiala, Ryan Fitzgerald, Richard Nejezchleb, Vladimir Tkachev, Michael McCarron, Maxim Mamin, Nathan Noel, Daniel Sprong, Alex Schoenborn, John Leonard
Custom OT Lines Defensemen
Dillon Heatherington, Devon Teows, Matt Grzelcyk, Spencer Stastney, Samuel Bolduc
Scratches
Jonas Brodin (Suspend), Justin Bailey (Suspend), Peyton Krebs (Healthy), Dmitri Semykin (Healthy), Zachary Senyshyn (Healthy)
Lauri Pajuniemi (Healthy), Anthony Romano (Healthy), Austin Wong (Healthy), Christopher Paquette (Healthy), Gianni Fairbrother (Healthy)
Daniel Bukac (Healthy), Simon Holmstrom (Healthy)
Marlies
5 vs 5 Forward
Center Left Wing Right Wing Time % Phy DF OF
1 Aleksi Saarela Tyler Benson Martin Necas 40 1 2 2
2 Matthew Highmore Joel Farabee Mathieu Olivier 30 1 2 2
3 Lias Andersson Alex Formenton Kole Sherwood 20 1 2 2
4 Isac Lundestrom Hugh McGing Arthur Kaliyev 10 1 2 2
5 vs 5 Defense
Defense Defense Time % Phy DF OF
1 Rasmus Dahlin Pierre-Olivier Joseph 40 1 2 2
2 Lucas Carlsson Keaton Thompson 30 1 2 2
3 Dennis Gilbert Dmitri Samorukov 20 1 2 2
4 Pierre-Olivier Joseph Rasmus Dahlin 10 1 2 2
PowerPlay Forward
Center Left Wing Right Wing Time % Phy DF OF
1 Aleksi Saarela Joel Farabee Martin Necas 60 1 2 2
2 Lias Andersson Tyler Benson Mathieu Olivier 40 1 2 2
PowerPlay Defense
Defense Defense Time % Phy DF OF
1 Pierre-Olivier Joseph Lucas Carlsson 60 1 2 2
2 Dmitri Samorukov Keaton Thompson 40 1 2 2
Penalty Kill 4 Players Forward
Center Wing Time % Phy DF OF
1 Aleksi Saarela Tyler Benson 60 1 2 2
2 Martin Necas Mathieu Olivier 40 1 2 2
Penalty Kill 4 Players Defense
Defense Defense Time % Phy DF OF
1 Pierre-Olivier Joseph Lucas Carlsson 60 1 2 2
2 Rasmus Dahlin Keaton Thompson 40 1 2 2
Penalty Kill - 3 Players Forward
Forward Time % Phy DF OF
1 Aleksi Saarela 60 1 2 2
2 Tyler Benson 40 1 2 2
Penalty Kill - 3 Players Defense
Defense Defense Time % Phy DF OF
1 Pierre-Olivier Joseph Lucas Carlsson 60 1 2 2
2 Rasmus Dahlin Keaton Thompson 40 1 2 2
4 vs 4 Forward
Center Wing Time % Phy DF OF
1 Aleksi Saarela Tyler Benson 60 1 2 2
2 Martin Necas Mathieu Olivier 40 1 2 2
4 vs 4 Defense
Defense Defense Time % Phy DF OF
1 Pierre-Olivier Joseph Lucas Carlsson 60 1 2 2
2 Rasmus Dahlin Keaton Thompson 40 1 2 2
Last Minutes Offensive
Center Left Wing Right Wing Defense Defense
Aleksi Saarela Tyler Benson Martin Necas Pierre-Olivier Joseph Lucas Carlsson
Last Minutes Defensive
Center Left Wing Right Wing Defense Defense
Aleksi Saarela Tyler Benson Martin Necas Pierre-Olivier Joseph Lucas Carlsson
Goaltenders
Starting : Logan Thompson
Backup : Maxime Lagace
Extra Forwards
Normal : Joel Farabee, Mathieu Olivier, Aleksi Saarela - PP : Alex Formenton, Martin Necas - PK : Mathieu Olivier
Extra Defensemen
Normal : Dennis Gilbert, Dmitri Samorukov, Pierre-Olivier Joseph - PP : Dennis Gilbert - PK : Dmitri Samorukov, Rasmus Dahlin
Penalty Shots
Aleksi Saarela, Tyler Benson, Martin Necas, Mathieu Olivier, Joel Farabee
Custom OT Lines Forwards
Aleksi Saarela, Tyler Benson, Martin Necas, Mathieu Olivier, Joel Farabee, Alex Formenton, Kole Sherwood, Lias Andersson, Hugh McGing, Isac Lundestrom
Custom OT Lines Defensemen
Pierre-Olivier Joseph, Rasmus Dahlin, Lucas Carlsson, Keaton Thompson, Dmitri Samorukov
Scratches
Jonathan Gruden (Healthy), Jakob Forsbacka-Karlsson (Healthy), Jacob Bernard-Docker (Healthy), Xavier Bernard (Healthy), Otto Koivula (Abdomen/Ribs Injury)
Jonathan Davidsson (Healthy), Jan Jenik (Healthy), Blake Murray (Healthy), Vasili Podkolzin (Healthy), Samuel Fagemo (Healthy)
Veini Vehvilainen (Healthy), Matthew Thiessen (Healthy)
% Time on Ice - Americans
Lines # - Real PCT - Wanted PCT - Time Play
Normal Forward
1 - 35% - 40% - 16:30
2 - 28% - 30% - 13:17
3 - 22% - 20% - 10:09
4 - 14% - 10% - 6:44
Normal Defense
1 - 36% - 40% - 16:46
2 - 32% - 30% - 15:08
3 - 29% - 20% - 13:20
4 - 3% - 10% - 1:26
PP Forward
1 - 54% - 60% - 1:50
2 - 46% - 40% - 1:35
PP Defense
1 - 60% - 60% - 2:04
2 - 40% - 40% - 1:21
PK Forward
1 - 82% - 60% - 7:43
2 - 18% - 40% - 1:39
PK Defense
1 - 62% - 60% - 5:46
2 - 38% - 40% - 3:36
PK3 Forward
1 - 0% - 60%
2 - 0% - 40%
PK3 Defense
1 - 0% - 60%
2 - 0% - 40%
44 Forward
1 - 100% - 60% - 0:33
2 - 0% - 40% - 0:00
44 Defense
1 - 100% - 60% - 0:33
2 - 0% - 40% - 0:00
Last Minute Offensive - 0:00
Last Minute Defensive - 0:00
Total
Forward - 60:00
Defense - 60:00
|
% Time on Ice - Marlies
Lines # - Real PCT - Wanted PCT - Time Play
Normal Forward
1 - 33% - 40% - 15:18
2 - 26% - 30% - 12:04
3 - 22% - 20% - 10:10
4 - 20% - 10% - 9:08
Normal Defense
1 - 38% - 40% - 17:40
2 - 33% - 30% - 15:15
3 - 25% - 20% - 11:51
4 - 4% - 10% - 1:54
PP Forward
1 - 57% - 60% - 5:22
2 - 43% - 40% - 4:00
PP Defense
1 - 57% - 60% - 5:22
2 - 43% - 40% - 4:00
PK Forward
1 - 84% - 60% - 2:53
2 - 16% - 40% - 0:32
PK Defense
1 - 52% - 60% - 1:47
2 - 48% - 40% - 1:38
PK3 Forward
1 - 0% - 60%
2 - 0% - 40%
PK3 Defense
1 - 0% - 60%
2 - 0% - 40%
44 Forward
1 - 100% - 60% - 0:33
2 - 0% - 40% - 0:00
44 Defense
1 - 100% - 60% - 0:33
2 - 0% - 40% - 0:00
Last Minute Offensive - 0:00
Last Minute Defensive - 0:00
Total
Forward - 60:00
Defense - 60:00
|
Play-by-Play
1st period
0:01 of 1st period - Ryan Fitzgerald wins face-off versus Aleksi Saarela in neutral zone.
0:34 of 1st period - Slapshot by Michael McCarron.
0:34 of 1st period - Shot Blocked by Rasmus Dahlin.
0:36 of 1st period - Snap shot by Richard Nejezchleb.
0:36 of 1st period - Shot Misses the Net.
0:38 of 1st period - Snap shot by Richard Nejezchleb.
0:38 of 1st period - Shot Misses the Net.
0:52 of 1st period - Snap shot by Alex Formenton.
0:52 of 1st period - Goal by Alex Formenton - Americans : 0 - Marlies : 1.
0:53 of 1st period - Isac Lundestrom wins face-off versus Nathan Noel in neutral zone.
1:37 of 1st period - Dennis Gilbert is hit by Vladimir Tkachev and loses puck.
1:54 of 1st period - Backhand shot by Kevin Fiala.
1:54 of 1st period - Stopped by Logan Thompson with a rebound.
1:56 of 1st period - Wrist shot by Ryan Fitzgerald.
1:56 of 1st period - Shot Blocked by Kole Sherwood.
2:16 of 1st period - Snap shot by Kole Sherwood.
2:16 of 1st period - Stopped by Connor Hellebyuk with a rebound.
2:22 of 1st period - Kole Sherwood is hit by Samuel Bolduc and loses puck.
2:31 of 1st period - Snap shot by Ryan Fitzgerald.
2:31 of 1st period - Shot Misses the Net.
2:45 of 1st period - Slapshot by Kevin Fiala.
2:45 of 1st period - Shot Misses the Net.
3:22 of 1st period - Snap shot by Alex Formenton.
3:22 of 1st period - Shot Misses the Net.
3:52 of 1st period - Kole Sherwood is hit by Ryan Fitzgerald and loses puck.
3:59 of 1st period - Snap shot by Kevin Fiala.
3:59 of 1st period - Shot Misses the Net.
4:01 of 1st period - Wrist shot by Ryan Fitzgerald.
4:01 of 1st period - Deflect By Kevin Fiala.
4:01 of 1st period - Stopped by Logan Thompson with a rebound.
4:03 of 1st period - Slapshot by Xavier Bouchard.
4:03 of 1st period - Stopped by Logan Thompson without a rebound.
4:04 of 1st period - Aleksi Saarela wins face-off versus Michael McCarron in Marlies zone.
4:29 of 1st period - Spencer Stastney is hit by Lucas Carlsson and loses puck.
4:40 of 1st period - Lucas Carlsson is hit by Devon Teows and loses puck.
4:58 of 1st period - Arthur Kaliyev is hit by Nathan Noel and loses puck.
5:17 of 1st period - Wrist shot by Aleksi Saarela.
5:17 of 1st period - Shot Misses the Net.
5:19 of 1st period - Slapshot by Keaton Thompson.
5:19 of 1st period - Shot Misses the Net.
5:34 of 1st period - Wrist shot by Maxim Mamin.
5:34 of 1st period - Stopped by Logan Thompson without a rebound.
5:35 of 1st period - Maxim Mamin wins face-off versus Aleksi Saarela in Marlies zone.
6:27 of 1st period - Snap shot by Martin Necas.
6:27 of 1st period - Goal by Martin Necas - Americans : 0 - Marlies : 2.
6:28 of 1st period - Michael McCarron wins face-off versus Matthew Highmore in neutral zone.
7:25 of 1st period - Lucas Carlsson is hit by Spencer Stastney and loses puck.
8:08 of 1st period - Richard Nejezchleb is hit by Mathieu Olivier and loses puck.
8:29 of 1st period - Snap shot by Kevin Fiala.
8:29 of 1st period - Goal by Kevin Fiala - Americans : 1 - Marlies : 2.
8:30 of 1st period - Aleksi Saarela wins face-off versus Michael McCarron in neutral zone.
8:37 of 1st period - Slapshot by Aleksi Saarela.
8:37 of 1st period - Stopped by Connor Hellebyuk without a rebound.
8:38 of 1st period - Michael McCarron wins face-off versus Aleksi Saarela in Americans zone.
9:05 of 1st period - Wrist shot by Joel Farabee.
9:05 of 1st period - Stopped by Connor Hellebyuk without a rebound.
9:06 of 1st period - Ryan Fitzgerald wins face-off versus Matthew Highmore in Americans zone.
9:11 of 1st period - Wrist shot by Kevin Fiala.
9:11 of 1st period - Stopped by Logan Thompson with a rebound.
9:22 of 1st period - Slapshot by Kevin Fiala.
9:22 of 1st period - Stopped by Logan Thompson with a rebound.
9:32 of 1st period - Lucas Carlsson is hit by Matt Grzelcyk and loses puck.
9:45 of 1st period - Snap shot by Maxim Mamin.
9:45 of 1st period - Stopped by Logan Thompson with a rebound.
10:19 of 1st period - Snap shot by Mathieu Olivier.
10:19 of 1st period - Stopped by Connor Hellebyuk with a rebound.
10:21 of 1st period - Snap shot by Martin Necas.
10:21 of 1st period - Shot Misses the Net.
10:23 of 1st period - Slapshot by Tyler Benson.
10:23 of 1st period - Stopped by Connor Hellebyuk with a rebound.
10:25 of 1st period - Slapshot by Keaton Thompson.
10:25 of 1st period - Stopped by Connor Hellebyuk with a rebound.
10:48 of 1st period - Snap shot by Michael McCarron.
10:48 of 1st period - Stopped by Logan Thompson with a rebound.
10:56 of 1st period - Snap shot by John Leonard.
10:56 of 1st period - Goal by John Leonard - Americans : 2 - Marlies : 2.
10:57 of 1st period - Isac Lundestrom wins face-off versus Ryan Fitzgerald in neutral zone.
11:29 of 1st period - Matt Grzelcyk is hit by Kole Sherwood.
11:57 of 1st period - Dmitri Samorukov is hit by Spencer Stastney and loses puck.
12:16 of 1st period - Snap shot by Alex Schoenborn.
12:16 of 1st period - Stopped by Logan Thompson with a rebound.
12:36 of 1st period - Slapshot by Aleksi Saarela.
12:36 of 1st period - Shot Blocked by Devon Teows.
12:38 of 1st period - Snap shot by Tyler Benson.
12:38 of 1st period - Deflect By Martin Necas.
12:38 of 1st period - Stopped by Connor Hellebyuk without a rebound.
12:39 of 1st period - Matthew Highmore wins face-off versus Michael McCarron in Americans zone.
13:23 of 1st period - Snap shot by Daniel Sprong.
13:23 of 1st period - Shot Misses the Net.
14:36 of 1st period - Slapshot by Devon Teows.
14:36 of 1st period - Shot Blocked by Dennis Gilbert.
14:48 of 1st period - Slapshot by Michael McCarron.
14:48 of 1st period - Deflect By John Leonard.
14:48 of 1st period - Goal by John Leonard - Americans : 3 - Marlies : 2.
14:49 of 1st period - Ryan Fitzgerald wins face-off versus Aleksi Saarela in neutral zone.
15:00 of 1st period - Snap shot by Kevin Fiala.
15:00 of 1st period - Stopped by Logan Thompson with a rebound.
15:14 of 1st period - Joel Farabee is hit by Michael McCarron and loses puck.
15:42 of 1st period - Snap shot by Maxim Mamin.
15:42 of 1st period - Shot Blocked by Lucas Carlsson.
16:30 of 1st period - Minor Penalty to Kevin Fiala for Cross-checking.
16:31 of 1st period - Aleksi Saarela wins face-off versus Ryan Fitzgerald in Americans zone.
17:07 of 1st period - Wrist shot by Pierre-Olivier Joseph.
17:07 of 1st period - Stopped by Connor Hellebyuk with a rebound.
18:30 of 1st period - Penalty to Kevin Fiala is over, Kevin Fiala is back on ice.
18:35 of 1st period - Mathieu Olivier is hit by Felix Bibeau and loses puck.
18:42 of 1st period - Xavier Bouchard is hit by Tyler Benson and loses puck.
19:31 of 1st period - Rasmus Dahlin is hit by Kevin Fiala and loses puck.
Goals for this period are 3 for Americans vs 2 for Marlies.
Shots for this period are 13 for Americans vs 10 for Marlies.
2nd period
0:01 of 2nd period - Tyler Benson wins face-off versus Ryan Fitzgerald in neutral zone.
0:04 of 2nd period - Vladimir Tkachev is hit by Rasmus Dahlin and loses puck.
0:34 of 2nd period - Snap shot by John Leonard.
0:34 of 2nd period - Stopped by Logan Thompson with a rebound.
0:50 of 2nd period - Jakob Pelletier is hit by Kole Sherwood and loses puck.
1:11 of 2nd period - Snap shot by Kevin Fiala.
1:11 of 2nd period - Shot Misses the Net.
1:13 of 2nd period - Slapshot by Matt Grzelcyk.
1:13 of 2nd period - Stopped by Logan Thompson with a rebound.
1:36 of 2nd period - Off-side.
1:37 of 2nd period - Ryan Fitzgerald wins face-off versus Matthew Highmore in neutral zone.
2:09 of 2nd period - Snap shot by John Leonard.
2:09 of 2nd period - Shot Misses the Net.
2:52 of 2nd period - Dmitri Samorukov is hit by Vladimir Tkachev and loses puck.
3:11 of 2nd period - Snap shot by Nathan Noel.
3:11 of 2nd period - Stopped by Logan Thompson without a rebound.
3:12 of 2nd period - Nathan Noel wins face-off versus Isac Lundestrom in Marlies zone.
3:15 of 2nd period - Slapshot by Dillon Heatherington.
3:15 of 2nd period - Deflect By Nathan Noel.
3:15 of 2nd period - Shot Misses the Net.
3:15 of 2nd period - Puck is out of play.
3:16 of 2nd period - Aleksi Saarela wins face-off versus Nathan Noel in Marlies zone.
3:18 of 2nd period - Minor Penalty to Keaton Thompson for Cross-checking.
3:19 of 2nd period - Ryan Fitzgerald wins face-off versus Aleksi Saarela in Marlies zone.
3:45 of 2nd period - Lucas Carlsson is hit by Richard Nejezchleb and loses puck.
3:50 of 2nd period - Snap shot by John Leonard.
3:50 of 2nd period - Shot Misses the Net.
4:44 of 2nd period - Minor Penalty to Vladimir Tkachev for Tripping.
4:45 of 2nd period - Aleksi Saarela wins face-off versus Ryan Fitzgerald in Americans zone.
4:45 of 2nd period - Wrist shot by Tyler Benson.
4:45 of 2nd period - Stopped by Connor Hellebyuk with a rebound.
4:47 of 2nd period - Snap shot by Lucas Carlsson.
4:47 of 2nd period - Deflect By Aleksi Saarela.
4:47 of 2nd period - Shot Misses the Net.
4:47 of 2nd period - Puck is out of play.
4:48 of 2nd period - Aleksi Saarela wins face-off versus Ryan Fitzgerald in Americans zone.
4:53 of 2nd period - Snap shot by Tyler Benson.
4:53 of 2nd period - Stopped by Connor Hellebyuk with a rebound.
4:55 of 2nd period - Slapshot by Pierre-Olivier Joseph.
4:55 of 2nd period - Shot Blocked by Devon Teows.
5:18 of 2nd period - Penalty to Keaton Thompson is over, Keaton Thompson is back on ice.
5:39 of 2nd period - Keaton Thompson is hit by Maxim Mamin and loses puck.
6:44 of 2nd period - Penalty to Vladimir Tkachev is over, Vladimir Tkachev is back on ice.
6:46 of 2nd period - Dillon Heatherington is hit by Dmitri Samorukov and loses puck.
6:53 of 2nd period - Slapshot by Devon Teows.
6:53 of 2nd period - Stopped by Logan Thompson without a rebound.
6:54 of 2nd period - Isac Lundestrom wins face-off versus Nathan Noel in Marlies zone.
6:59 of 2nd period - Slapshot by Pierre-Olivier Joseph.
6:59 of 2nd period - Shot Misses the Net.
7:10 of 2nd period - Spencer Stastney is hit by Hugh McGing and loses puck.
7:30 of 2nd period - Slapshot by Pierre-Olivier Joseph.
7:30 of 2nd period - Shot Blocked by Xavier Bouchard.
7:50 of 2nd period - Slapshot by Joel Farabee.
7:50 of 2nd period - Stopped by Connor Hellebyuk with a rebound.
8:16 of 2nd period - Snap shot by Martin Necas.
8:16 of 2nd period - Goal by Martin Necas - Americans : 3 - Marlies : 3.
8:17 of 2nd period - Ryan Fitzgerald wins face-off versus Aleksi Saarela in neutral zone.
8:22 of 2nd period - Wrist shot by Ryan Fitzgerald.
8:22 of 2nd period - Stopped by Logan Thompson without a rebound.
8:23 of 2nd period - Ryan Fitzgerald wins face-off versus Aleksi Saarela in Marlies zone.
8:50 of 2nd period - Snap shot by John Leonard.
8:50 of 2nd period - Stopped by Logan Thompson without a rebound.
8:51 of 2nd period - Matthew Highmore wins face-off versus Michael McCarron in Marlies zone.
9:23 of 2nd period - Devon Teows is hit by Mathieu Olivier and loses puck.
9:29 of 2nd period - Off-side.
9:30 of 2nd period - Aleksi Saarela wins face-off versus Ryan Fitzgerald in neutral zone.
9:43 of 2nd period - Wrist shot by Martin Necas.
9:43 of 2nd period - Shot Misses the Net.
9:52 of 2nd period - Icing by Keaton Thompson.
9:53 of 2nd period - Maxim Mamin wins face-off versus Aleksi Saarela in Marlies zone.
10:28 of 2nd period - Vladimir Tkachev is hit by Matthew Highmore.
11:29 of 2nd period - Snap shot by Jakob Pelletier.
11:29 of 2nd period - Stopped by Logan Thompson with a rebound.
11:58 of 2nd period - Minor Penalty to John Leonard for Tripping.
11:59 of 2nd period - Ryan Fitzgerald wins face-off versus Aleksi Saarela in Americans zone.
13:41 of 2nd period - Dmitri Samorukov is hit by Matt Grzelcyk and loses puck.
13:58 of 2nd period - Penalty to John Leonard is over, John Leonard is back on ice.
14:16 of 2nd period - Snap shot by Nathan Noel.
14:16 of 2nd period - Shot Misses the Net.
16:05 of 2nd period - Arthur Kaliyev is hit by Samuel Bolduc and loses puck.
17:14 of 2nd period - Lucas Carlsson is hit by Kevin Fiala and loses puck.
17:30 of 2nd period - Lucas Carlsson is hit by Samuel Bolduc.
17:42 of 2nd period - Nathan Noel is hit by Arthur Kaliyev.
17:46 of 2nd period - Snap shot by Hugh McGing.
17:46 of 2nd period - Shot Blocked by Alex Schoenborn.
18:28 of 2nd period - Ryan Fitzgerald is hit by Kole Sherwood and loses puck.
18:43 of 2nd period - Jakob Pelletier is hit by Matthew Highmore and loses puck.
19:06 of 2nd period - Snap shot by Michael McCarron.
19:06 of 2nd period - Stopped by Logan Thompson without a rebound.
19:07 of 2nd period - Aleksi Saarela wins face-off versus Michael McCarron in Marlies zone.
19:18 of 2nd period - Martin Necas is hit by John Leonard and loses puck.
19:29 of 2nd period - Dillon Heatherington is hit by Rasmus Dahlin and loses puck.
Goals for this period are 0 for Americans vs 1 for Marlies.
Shots for this period are 8 for Americans vs 4 for Marlies.
3rd period
0:01 of 3rd period - Aleksi Saarela wins face-off versus Ryan Fitzgerald in neutral zone.
0:04 of 3rd period - Wrist shot by Aleksi Saarela.
0:04 of 3rd period - Deflect By Ryan Fitzgerald.
0:04 of 3rd period - Shot Blocked by Ryan Fitzgerald.
0:04 of 3rd period - Puck is out of play.
0:05 of 3rd period - Ryan Fitzgerald wins face-off versus Aleksi Saarela in Americans zone.
0:05 of 3rd period - Ryan Fitzgerald is hit by Martin Necas.
0:19 of 3rd period - Snap shot by Ryan Fitzgerald.
0:19 of 3rd period - Shot Blocked by Pierre-Olivier Joseph.
0:44 of 3rd period - Wrist shot by Pierre-Olivier Joseph.
0:44 of 3rd period - Stopped by Connor Hellebyuk with a rebound.
1:08 of 3rd period - Slapshot by Pierre-Olivier Joseph.
1:08 of 3rd period - Deflect By Tyler Benson.
1:08 of 3rd period - Stopped by Connor Hellebyuk without a rebound.
1:09 of 3rd period - Michael McCarron wins face-off versus Matthew Highmore in Americans zone.
1:09 of 3rd period - Michael McCarron is hit by Keaton Thompson.
1:19 of 3rd period - Keaton Thompson is hit by Michael McCarron and loses puck.
1:41 of 3rd period - Icing by Spencer Stastney.
1:42 of 3rd period - Isac Lundestrom wins face-off versus Michael McCarron in Americans zone.
2:03 of 3rd period - Snap shot by Isac Lundestrom.
2:03 of 3rd period - Stopped by Connor Hellebyuk with a rebound.
2:13 of 3rd period - Snap shot by John Leonard.
2:13 of 3rd period - Shot Misses the Net.
2:15 of 3rd period - Snap shot by Michael McCarron.
2:15 of 3rd period - Shot Misses the Net.
3:20 of 3rd period - Snap shot by John Leonard.
3:20 of 3rd period - Shot Blocked by Dennis Gilbert.
3:22 of 3rd period - Slapshot by Matt Grzelcyk.
3:22 of 3rd period - Deflect By Hugh McGing.
3:22 of 3rd period - Stopped by Logan Thompson with a rebound.
3:24 of 3rd period - Slapshot by Spencer Stastney.
3:24 of 3rd period - Stopped by Logan Thompson without a rebound.
3:25 of 3rd period - Vladimir Tkachev wins face-off versus Aleksi Saarela in Marlies zone.
3:28 of 3rd period - Snap shot by Kevin Fiala.
3:28 of 3rd period - Shot Blocked by Pierre-Olivier Joseph.
3:35 of 3rd period - Minor Penalty to Devon Teows for Interference.
3:36 of 3rd period - Ryan Fitzgerald wins face-off versus Joel Farabee in Americans zone.
5:27 of 3rd period - Aleksi Saarela is hit by Dillon Heatherington and loses puck.
5:35 of 3rd period - Penalty to Devon Teows is over, Devon Teows is back on ice.
6:09 of 3rd period - Xavier Bouchard is hit by Rasmus Dahlin and loses puck.
7:12 of 3rd period - Aleksi Saarela is hit by Maxim Mamin and loses puck.
7:34 of 3rd period - Minor Penalty to Lucas Carlsson for Roughing.
7:35 of 3rd period - Aleksi Saarela wins face-off versus Michael McCarron in Marlies zone.
8:38 of 3rd period - Martin Necas is hit by Spencer Stastney and loses puck.
8:51 of 3rd period - Tyler Benson is hit by Richard Nejezchleb and loses puck.
9:34 of 3rd period - Penalty to Lucas Carlsson is over, Lucas Carlsson is back on ice.
10:00 of 3rd period - Wrist shot by Hugh McGing.
10:00 of 3rd period - Stopped by Connor Hellebyuk without a rebound.
10:01 of 3rd period - Isac Lundestrom wins face-off versus Maxim Mamin in Americans zone.
10:02 of 3rd period - Wrist shot by Hugh McGing.
10:02 of 3rd period - Stopped by Connor Hellebyuk without a rebound.
10:03 of 3rd period - Maxim Mamin wins face-off versus Matthew Highmore in Americans zone.
10:30 of 3rd period - Slapshot by Michael McCarron.
10:30 of 3rd period - Shot Misses the Net.
10:32 of 3rd period - Slapshot by Richard Nejezchleb.
10:32 of 3rd period - Stopped by Logan Thompson without a rebound.
10:33 of 3rd period - Lias Andersson wins face-off versus John Leonard in Marlies zone.
10:33 of 3rd period - Lias Andersson is hit by Michael McCarron.
10:42 of 3rd period - Slapshot by Alex Formenton.
10:42 of 3rd period - Stopped by Connor Hellebyuk without a rebound.
10:43 of 3rd period - Ryan Fitzgerald wins face-off versus Aleksi Saarela in Americans zone.
10:54 of 3rd period - Aleksi Saarela is hit by Vladimir Tkachev and loses puck.
11:17 of 3rd period - Wrist shot by Richard Nejezchleb.
11:17 of 3rd period - Stopped by Logan Thompson with a rebound.
11:19 of 3rd period - Snap shot by Michael McCarron.
11:19 of 3rd period - Stopped by Logan Thompson with a rebound.
11:31 of 3rd period - Slapshot by Rasmus Dahlin.
11:31 of 3rd period - Shot Blocked by Matt Grzelcyk.
11:31 of 3rd period - Matt Grzelcyk from Americans is injured at 11:31 of 3rd period (Sprained Left Ankle).
11:32 of 3rd period - Ryan Fitzgerald wins face-off versus Aleksi Saarela in Americans zone.
11:57 of 3rd period - John Leonard is hit by Kole Sherwood and loses puck.
12:02 of 3rd period - Snap shot by Alex Formenton.
12:02 of 3rd period - Stopped by Connor Hellebyuk with a rebound.
12:04 of 3rd period - Snap shot by Alex Formenton.
12:04 of 3rd period - Stopped by Connor Hellebyuk without a rebound.
12:05 of 3rd period - Michael McCarron wins face-off versus Aleksi Saarela in Americans zone.
12:36 of 3rd period - Samuel Bolduc is hit by Tyler Benson and loses puck.
13:06 of 3rd period - Wrist shot by Martin Necas.
13:06 of 3rd period - Stopped by Connor Hellebyuk with a rebound.
13:14 of 3rd period - Slapshot by Pierre-Olivier Joseph.
13:14 of 3rd period - Shot Blocked by Kevin Fiala.
13:57 of 3rd period - Wrist shot by Aleksi Saarela.
13:57 of 3rd period - Stopped by Connor Hellebyuk without a rebound.
13:58 of 3rd period - Michael McCarron wins face-off versus Matthew Highmore in Americans zone.
14:05 of 3rd period - Wrist shot by Michael McCarron.
14:05 of 3rd period - Shot Misses the Net.
14:23 of 3rd period - Maxim Mamin is hit by Keaton Thompson and loses puck.
14:52 of 3rd period - Snap shot by Alex Schoenborn.
14:52 of 3rd period - Stopped by Logan Thompson with a rebound.
14:54 of 3rd period - Wrist shot by Alex Schoenborn.
14:54 of 3rd period - Stopped by Logan Thompson without a rebound.
14:55 of 3rd period - Michael McCarron wins face-off versus Matthew Highmore in Marlies zone.
15:51 of 3rd period - Slapshot by Rasmus Dahlin.
15:51 of 3rd period - Shot Hit the Post.
16:33 of 3rd period - Snap shot by Maxim Mamin.
16:33 of 3rd period - Stopped by Logan Thompson without a rebound.
16:34 of 3rd period - Matthew Highmore wins face-off versus Ryan Fitzgerald in Marlies zone.
17:19 of 3rd period - Snap shot by Aleksi Saarela.
17:19 of 3rd period - Shot Misses the Net.
17:25 of 3rd period - Minor Penalty to Devon Teows for Roughing.
17:26 of 3rd period - Ryan Fitzgerald wins face-off versus Aleksi Saarela in Americans zone.
17:43 of 3rd period - Dillon Heatherington is hit by Aleksi Saarela and loses puck.
19:25 of 3rd period - Penalty to Devon Teows is over, Devon Teows is back on ice.
19:56 of 3rd period - Icing by Mathieu Olivier.
19:57 of 3rd period - Isac Lundestrom wins face-off versus Maxim Mamin in Marlies zone.
Goals for this period are 0 for Americans vs 0 for Marlies.
Shots for this period are 8 for Americans vs 10 for Marlies.
Overtime #1
0:01 of 1st overtime period - Aleksi Saarela wins face-off versus Ryan Fitzgerald in neutral zone.
0:35 of 1st overtime period - Wrist shot by Martin Necas.
0:35 of 1st overtime period - Goal by Martin Necas - Americans : 3 - Marlies : 4.
Goals for this period are 0 for Americans vs 1 for Marlies.
Shots for this period are 0 for Americans vs 1 for Marlies.